 Dungeon Crawl Stone Soup version 0.31-a0-949-g57150269e1 (webtiles) character file.

Game seed: 6767232311954139848

5449 avis the Nimble (level 10, 0/44 HPs)
             Began as a Felid Shapeshifter on Oct 22, 2023.
             Was an Initiate of Gozag.
             Killed by nerve-wracking pain
             ... invoked by an orc priest
              (3 damage)
             ... on level 9 of the Dungeon.
             The game lasted 00:50:42 (10147 turns).

avis the Nimble (Felid Shapeshifter)               Turns: 10147, Time: 00:50:43

Health: 0/44       AC:  2    Str: 14    XL:     10   Next: 41%
Magic:  11/11      EV: 33    Int: 17    God:    Gozag
Gold:   524        SH:  0    Dex: 19    Spells: 9/9 levels left
                                        Lives:  0   Deaths: 4

rFire   . .          .
                       - Unarmed
rCold   + . .        (shield unavailable)
rNeg    . . .        (body armour unavailable)
rPois   .            (helmet unavailable)
rElec   .            (cloak unavailable)
rCorr   .            (gloves unavailable)
SInv    +            (boots unavailable)
Will    +....        (no amulet)
Stlth   ++           p - +6 ring of intelligence
HPRegen 0.27/turn    b - +5 ring of evasion
MPRegen 0.12/turn

%: no passive effects
@: blade hands, quick
A: very small, (claws 1), fangs 3, see invisible, speed 1, shaggy fur 2,
(stealthy paws), no weapons or thrown items, no armour, multi-lived, cold
resistance 1, strong 1
a: Begin Untransformation, Renounce Religion, Potion Petition, Call Merchant,
Bribe Branch


You were on level 9 of the Dungeon.
You worshipped Gozag.
Gozag was pleased with you.
You had blades for front paws.
You visited 2 branches of the dungeon, and saw 10 of its levels.

You collected 876 gold pieces.
You spent 196 gold pieces at shops.
You paid 156 gold pieces to Gozag.

Inventory:

Jewellery
 b - a +5 ring of evasion (right blade hand)
 m - a ring of flight
 p - a +6 ring of intelligence (left blade hand)
 s - a ring of resist corrosion
Talismans
 f - a flux talisman
 l - a blade talisman (active)
Wands
 e - a wand of charming (11)
 u - a wand of acid (7)
 w - a wand of flame (17)
Scrolls
 c - a scroll of vulnerability {unknown}
 d - 2 scrolls of fog
 g - 4 scrolls of poison {unknown}
 h - 4 scrolls of blinking {unknown}
 i - a scroll of immolation
 j - 3 scrolls of enchant weapon {unknown}
 k - a scroll of brand weapon {unknown}
 r - a scroll of enchant armour {unknown}
 t - a scroll of butterflies {unknown}
 v - 3 scrolls of noise {unknown}
 y - 3 scrolls of revelation {unknown}
Potions
 a - 2 potions of brilliance
 n - 2 potions of heal wounds
 x - 2 potions of attraction {unknown}
 z - 2 potions of degeneration {unknown}
 A - a potion of curing


   Skills:
 - Level 5.0 Fighting
 * Level 13.3 Dodging
 - Level 4.0 Unarmed Combat
 - Level 11.0 Shapeshifting


You had 9 spell levels left.
You didn't know any spells.
Your spell library contained the following spells:

 Spells                   Type           Power      Damage    Failure   Level
 Apportation              Tloc           0%         N/A       24%         1
 Necrotise                Necr           0%         1d4       24%         1
 Summon Small Mammal      Summ           0%         N/A       24%         1
 Vampiric Draining        Necr           0%         2d6       56%         3
 Agony                    Necr           0%         N/A       100%        5


Dungeon Overview and Level Annotations

Branches:
Dungeon (9/15)             Temple (1/1) D:7            Lair (0/5) D:9
    Orc: D:9-12

Altars:
Ashenzari
Cheibriados
Dithmenos
Elyvilon
Fedhas
Gozag
Hepliaklqana
Kikubaaqudgha
Nemelex Xobeh
Okawaru
Qazlal
Ru
Sif Muna
Uskayaw
Vehumet
Wu Jian
Xom
Yredelemnul
Zin
The Shining One

Shops:
D:7 *


Innate Abilities, Weirdness & Mutations

You have blades for front paws.
((You have sharp claws.))
You have razor-sharp teeth.
You have supernaturally acute eyesight. (SInv)
You cover ground quickly. (Speed+)
You are covered in thick fur. (AC +2)
((Your paws help you pounce on unaware monsters.))
You are incapable of wielding weapons or throwing items.
You cannot wear armour.
You gain extra lives every three experience levels.
Your flesh is cold resistant. (rC+)
Your muscles are strong. (Str +4, Int/Dex -1)


Message History

The centaur shoots an arrow.
The arrow completely misses you.
The centaur shoots an arrow.
The arrow misses you.
There is a stone staircase leading up, spattered with blood here.
The centaur shoots an arrow.
The arrow completely misses you.
The centaur shoots an arrow.
The arrow barely misses you.
You hear a shout!
The centaur shoots an arrow.
The arrow completely misses you.
An orc priest comes into view. It is wielding a +0 dagger.
The orc priest begins to cast a cantrip, but forgets the words!
The centaur is distracted by your dazzling golden aura.
The centaur unwields a +0 shortbow.
The centaur barely misses you. The centaur completely misses you.
The centaur closely misses you. x2
The orc priest casts a cantrip, but nothing happens.
You climb upwards.
There is a stone staircase leading down, spattered with blood here.
You slice the centaur!!
The centaur is almost dead.
The centaur completely misses you. x2
You hit the centaur.
The centaur is almost dead.
The centaur barely misses you. The centaur closely misses you.
The centaur misses you. The centaur completely misses you.
You slash the centaur!
You kill the centaur!
You now have 524 gold pieces (gained 19).
You see here a +0 shortbow.
There is a stone staircase leading down, spattered with blood here.
You climb downwards.
An orc wizard comes into view. It is wielding a +0 dagger.
The death yak gores you!!
The orc priest looks satisfied for a moment.
The death yak gores you!!
Ouch! That really hurt!
* * * LOW HITPOINT WARNING * * *
There is a stone staircase leading up, spattered with blood here.
The orc priest invokes the aid of Beogh against you.
Pain shoots through your body!
You die...
Your body crumbles into a pile of gold.

########
#####..@$..#
#...o...Y..#
.......#...##
......r##....#
....... ......
....oo. .....#
).#.... ....##
> ..... ....#
...... ..+


You could see a death yak, 2 orc priests, an orc wizard and a river rat.

Vanquished Creatures
  A two-headed ogre (D:8)
  2 death yaks (D:8)
  Grinder (D:4)
  Sigmund (D:5)
  A wyvern (D:7)
  Grum (D:8)
  A steam dragon (D:6)
  An acid dragon (D:7)
  2 orc warriors
  2 ice beasts
  2 sky beasts
  2 wolves (D:7)
  5 centaurs
  A phantom (D:5)
  Blork the orc (D:6)
  2 bullfrogs
  A scorpion (D:6)
  3 wights
  6 killer bees
  3 howler monkeys
  2 hounds
  Crazy Yiuf (D:6)
  A gnoll bouda (D:8)
  2 orc priests (D:8)
  Ijyb (D:3)
  Terence (D:2)
  7 iguanas
  4 orc wizards
  7 gnolls
  11 adders
  A river rat (D:8)
  2 shadow imps (D:5)
  A white imp (D:6)
  2 ufetubi (D:6)
  3 worms
  3 dart slugs
  31 orcs
  9 bats
  6 endoplasms
  2 giant cockroaches
  4 goblins
  14 hobgoblins
  2 jackals (D:1)
  4 quokkas
  4 ball pythons
  13 kobolds
  2 rats (D:1)
179 creatures vanquished.

Vanquished Creatures (collateral kills)
  4 gnolls (D:4)
  2 orcs (D:4)
6 creatures vanquished.

Vanquished Creatures (others)
  An ogre (D:4)
  A gnoll bouda (D:4)
  A gnoll (D:4)
  An orc (D:9)
4 creatures vanquished.

Grand Total: 189 creatures vanquished

Notes
Turn   | Place    | Note
-------+----------+-------------------------------------------
     0 | D:1      | avis the Felid Shapeshifter began the quest for the Orb.
     0 | D:1      | Reached XP level 1. HP: 9/9 MP: 2/2
   221 | D:1      | Reached XP level 2. HP: 13/13 MP: 3/3
   262 | D:1      | Reached skill level 3 in Dodging
   373 | D:1      | Reached XP level 3. HP: 16/16 MP: 4/4
  1186 | D:2      | Noticed Terence
  1225 | D:2      | Killed Terence
  1226 | D:2      | Reached skill level 4 in Dodging
  1226 | D:2      | Reached XP level 4. HP: 21/21 MP: 5/5
  1382 | D:2      | Reached skill level 5 in Dodging
  1892 | D:3      | Found a faded altar of an unknown god.
  2282 | D:3      | Reached XP level 5. HP: 24/24 MP: 6/6
  2441 | D:3      | Found an ornate altar of the Wu Jian Council.
  2675 | D:4      | Noticed Ijyb
  2718 | D:4      | Noticed an ogre
  2719 | D:4      | Noticed Grinder
  3159 | D:3      | Killed Ijyb
  3160 | D:3      | Reached skill level 6 in Dodging
  3273 | D:4      | Found an ancient bone altar of Kikubaaqudgha.
  3499 | D:4      | Gained mutation: You are covered in thick fur. (AC +2)
                  | [Felid growth]
  3499 | D:4      | Reached XP level 6. HP: 12/28 MP: 7/7
  3577 | D:4      | Paralysed by Grinder for 3 turns
  3750 | D:4      | Slain by a gnoll
  3751 | D:4      | Reached skill level 5 in Shapeshifting
  3785 | D:4      | Killed Grinder
  3870 | D:5      | Entered Level 5 of the Dungeon
  3891 | D:4      | Reached XP level 7. HP: 24/31 MP: 8/8
  4565 | D:5      | Reached skill level 7 in Dodging
  4653 | D:5      | Reached skill level 8 in Dodging
  4934 | D:6      | Noticed a steam dragon
  4995 | D:5      | Reached XP level 8. HP: 29/34 MP: 9/9
  5016 | D:6      | Noticed Sigmund
  5041 | D:5      | Killed Sigmund
  5042 | D:5      | Reached skill level 9 in Dodging
  5317 | D:6      | Noticed Blork the orc
  5329 | D:6      | Killed Blork the orc
  5483 | D:6      | Found a blossoming altar of Fedhas.
  5546 | D:6      | Found a runed translucent door.
  5547 | D:6      | Noticed Crazy Yiuf
  5553 | D:6      | Killed Crazy Yiuf
  6272 | D:6      | Found a glowing silver altar of Zin.
  6272 | D:6      | Found a white marble altar of Elyvilon.
  6272 | D:6      | Found a glowing golden altar of the Shining One.
  6356 | D:7      | Found Kecugroo's General Store.
  6520 | D:7      | Mangled by a wyvern
  6633 | D:7      | Reached XP level 9. HP: 20/39 MP: 10/10
  6643 | D:7      | HP: 1/39 [orc wizard/puff of flame (8)]
  6830 | D:7      | Reached skill level 10 in Dodging
  7098 | D:7      | Found a staircase to the Ecumenical Temple.
  7103 | Temple   | Entered the Ecumenical Temple
  7114 | Temple   | Became a worshipper of Gozag Ym Sagoz the Greedy
  7265 | D:7      | Bought a potion of haste for 140 gold pieces
  7265 | D:7      | Bought a scroll of immolation for 56 gold pieces
  7908 | D:8      | Reached skill level 11 in Dodging
  8479 | D:7      | Reached skill level 12 in Dodging
  8552 | D:8      | Noticed Grum
  8559 | D:8      | Slain by Grum
  8712 | D:8      | Killed Grum
  8777 | D:8      | Reached skill level 10 in Shapeshifting
  9037 | D:7      | Found a sparkling altar of Nemelex Xobeh.
  9456 | D:9      | Noticed a death yak
  9457 | D:9      | Found a staircase to the Lair.
  9457 | D:9      | Noticed a death yak
  9460 | D:9      | Noticed a death yak
  9461 | D:9      | Noticed a two-headed ogre
  9587 | D:8      | Killed a death yak
  9588 | D:8      | Reached XP level 10. HP: 22/43 MP: 11/11
  9830 | D:7      | Gained mutation: Your flesh is cold resistant. (rC+)
                  | [potion of mutation]
  9830 | D:7      | Gained mutation: Your muscles are strong. (Str +4, Int/Dex
                  | -1) [potion of mutation]
  9866 | D:8      | Slain by a death yak
  9904 | D:8      | Killed a death yak
  9905 | D:8      | Reached skill level 5 in Fighting
 10062 | D:8      | Killed a two-headed ogre
 10063 | D:8      | Reached skill level 13 in Dodging
 10134 | D:9      | Noticed a two-headed ogre
 10146 | D:9      | HP: 2/44 [death yak (22)]
 10147 | D:9      | Killed from afar by an orc priest

Illustrated notes

Levels and vault maps discovered:
D:1:      co_arrival_square_in_a_square_in_a_square, layout_loops_ring,
          minmay_heptomino_w4
D:2:      layout_loops_cross, amcnicky_mini_pool_small, st_stairs_13,
          eino_tiny_chamber, chequers_serial_rivers_room_a, uniq_terence
D:3:      layout_loops_ring, nicolae_wu_jian_immortal_techniques,
          dreamdust_ecumenical_altar_statues, grunt_ministairs_3
D:4:      layout_rooms, kennysheep_mini_moat, uniq_grinder, uniq_ijyb
D:5:      layout_basic, minmay_pentangle
D:6:      layout_loops_ring, dreamdust_divine_triumvirate, marbit_many_paths,
          kennysheep_big_empty_room, uniq_crazy_yiuf_cottage,
          uniq_blork_the_orc, uniq_sigmund
D:7:      layout_cave_pools, nicolae_overflow_hidden_temple,
          minmay_temple_entry_nine_rooms, serial_shops,
          nicolae_shop_hallway_stairs, minmay_tree_intersection,
          nicolae_zen_rock_garden
D:8:      layout_rooms, uniq_grum
D:9:      layout_cave_pools, jmf_multi_god_temple2, dpeg_lair_monsters,
          kennysheep_generic_room_3
Temple:   cyrus_circular_temple

Skill      XL: |  1  2  3  4  5  6  7  8  9 10 |
---------------+-------------------------------+-----
Fighting       | 2 3 4 5 |  5.0
Dodging        | 3 4 5 6 8 9 12 13 | 13.3
Shapeshifting  | 4 6 7 9 11 | 11.0
Unarmed Combat | 4 |  4.0

Action                     |  1- 3 |  4- 6 |  7- 9 | 10-12 || total
---------------------------+-------+-------+-------+-------++-------
  Melee: Unarmed           |    94 |   128 |   446 |     9 ||   677
         Bite              |     6 |    14 |    65 |       ||    85
         Punch             |     1 |       |     6 |       ||     7
  Evoke: Wand              |       |     5 |     3 |    14 ||    22
    Use: Scroll            |     2 |     3 |     2 |       ||     7
         Potion            |     1 |     2 |     4 |     1 ||     8
   Stab: Sleeping          |     1 |     1 |     1 |       ||     3
         Invisible         |       |       |     1 |       ||     1
 Armour: Skin              |    24 |    37 |   115 |     9 ||   185
  Dodge: Dodged            |    76 |   105 |   521 |    30 ||   732
   Form: Flux              |       |     1 |     2 |       ||     3
         Beast             |       |     1 |     1 |       ||     2
         Blade             |       |       |     1 |       ||     1

Table legend: (Time is in decaauts)
 A = Elapsed time spent in this place.
 B = Non-inter-level travel time spent in this place.
 C = Inter-level travel time spent in this place.
 D = Time resting spent in this place.
 E = Time spent auto-exploring this place.
 F = Levels seen in this place.
 G = Mean time per level.
                   A        B        C        D        E       F      G
               +--------+--------+--------+--------+--------+-----+--------+
         Total |   8835 |   7559 |   1276 |   2258 |   2895 |  10 |  883.5 |
       Dungeon |   8815 |   7547 |   1268 |   2258 |   2895 |   9 |  979.4 |
        Temple |     20 |     12 |      8 |      0 |      0 |   1 |   20.0 |
               +--------+--------+--------+--------+--------+-----+--------+

Top non-repeatable levels by time:
     D:6: 1682 daAuts
     D:7: 1374 daAuts
     D:8: 1255 daAuts
     D:5: 1053 daAuts
     D:3: 1022 daAuts
     D:1: 864 daAuts
     D:2: 799 daAuts
     D:4: 741 daAuts
  Temple: 20 daAuts
     D:9: 20 daAuts
